 Dungeon Crawl Stone Soup version 0.28-a0-119-ga52ba8600a (webtiles) character file.

Game seed: 18330255960947451624

25 lexdn1 the Chopper (level 3, 0/33 HPs)
             Began as a Hill Orc Berserker on Aug 13, 2021.
             Was a Follower of Trog.
             Frozen to death by an endoplasm (1 damage)
             ... on level 2 of the Dungeon.
             The game lasted 00:08:28 (994 turns).

lexdn1 the Chopper (Hill Orc Berserker)              Turns: 994, Time: 00:08:29

Health: 0/33       AC:  4    Str: 19    XL:     3   Next: 6%
Magic:  3/3        EV: 12    Int:  7    God:    Trog [*.....]
Gold:   65         SH:  0    Dex: 11    Spells: 2/2 levels left

rFire   . . .      SeeInvis .   (no weapon)
rCold   . . .      Faith    .   (no shield)
rNeg    . . .      Spirit   .   b - +0 animal skin
rPois   .          Reflect  .   (no helmet)
rElec   .          Harm     .   (no cloak)
rCorr   .          Rampage  .   d - +0 pair of gloves
Will    .....                   i - +0 pair of boots
Stlth   +.........              (no amulet)
HPRegen 0.11/turn               (no ring)
MPRegen 0.08/turn               (no ring)

@: no status effects
A: no striking features
a: Renounce Religion, Berserk


You were on level 2 of the Dungeon.
You worshipped Trog.
Trog was aware of your devotion.
You visited 1 branch of the dungeon, and saw 2 of its levels.

You collected 65 gold pieces.

Inventory:

Hand Weapons
 a - a +0 hand axe
Armour
 b - a +0 animal skin (worn)
 d - a +0 pair of gloves (worn)
 i - a +0 pair of boots (worn)
Scrolls
 g - a scroll of noise {unknown}
Potions
 c - a potion of degeneration {unknown}
 e - a potion of heal wounds {unknown}
 f - a potion of curing {unknown}
 h - 2 potions of ambrosia {unknown}


   Skills:
 + Level 4.2 Fighting
 + Level 4.6 Axes
 + Level 2.3 Armour
 + Level 1.7 Dodging


You had 2 spell levels left.
You didn't know any spells.
Your spell library was empty.

Dungeon Overview and Level Annotations

Branches:
Dungeon (2/15)

Altars:


Message History

* * * LOW HITPOINT WARNING * * *
You hit the quokka but do no damage.
The quokka is heavily wounded.
The quokka closely misses you. The endoplasm freezes you.
You are frozen.
* * * LOW HITPOINT WARNING * * *
You miss the quokka.
The quokka is heavily wounded.
The quokka barely misses you. The endoplasm freezes you.
You are frozen.
* * * LOW HITPOINT WARNING * * *
You hit the quokka.
The quokka is severely wounded.
The quokka closely misses you. The endoplasm freezes you.
You are frozen.
* * * LOW HITPOINT WARNING * * *
The quokka bites you.
* * * LOW HITPOINT WARNING * * *
Unknown command.
You hit the quokka but do no damage.
The quokka is severely wounded.
The endoplasm barely misses you. The quokka barely misses you.
You hit the quokka but do no damage.
The quokka is severely wounded.
The endoplasm freezes you.
You are frozen.
* * * LOW HITPOINT WARNING * * *
The quokka closely misses you.
You closely miss the quokka.
The quokka is severely wounded.
The quokka barely misses you. The endoplasm barely misses you.
You closely miss the quokka.
The quokka is severely wounded.
The quokka bites you but does no damage.
The endoplasm freezes you.
You are frozen.
You die...

..# ... .. ###.#
.... #.. #J# # ##@##
#. #.##.r.# #
###.####.# #......#
#.#.....##.#
####...#
#.#.....##.# ##.##
........#.# ###.#
#......#.## #...#
#......#.#. #.#.#
###.##.#...
#.#.######..........


You could see an endoplasm and a quokka.

Vanquished Creatures
  4 ball pythons
  2 endoplasms
  A giant cockroach (D:1)
  3 goblins (D:1)
  2 hobgoblins (D:1)
  2 kobolds (D:1)
  2 bats (D:1)
  3 frilled lizards (D:1)
  4 rats
23 creatures vanquished.

Notes
Turn   | Place    | Note
-------+----------+-------------------------------------------
     0 | D:1      | lexdn1 the Hill Orc Berserker began the quest for the Orb.
     0 | D:1      | Reached XP level 1. HP: 19/19 MP: 1/1
   343 | D:1      | Reached XP level 2. HP: 27/27 MP: 2/2
   370 | D:1      | Found a faded altar of an unknown god.
   849 | D:2      | Reached XP level 3. HP: 33/33 MP: 3/3
   992 | D:2      | HP: 1/33 [frozen (1)]
   994 | D:2      | Frozen to death by an endoplasm

Illustrated notes

Levels and vault maps discovered:
D:1:      dpeg_arrival_concentric_ovals, layout_rooms,
          shapermc_ecumenical_altar_mp_ritualfount
D:2:      layout_loops_ring, serial_shops, shop, uniq_crazy_yiuf_cottage,
          uniq_jessica

Skill      XL: |  1  2 |
---------------+-------+-----
Fighting       | 4 |  4.2
Axes           | |  4.6
Armour         | |  2.3
Dodging        | |  1.7

Action                   || total
-------------------------++-------
Melee: Hand axe          ||    45
       Unarmed           ||    32
Invok: Berserk           ||     1
Armor: Animal skin       ||    25
Dodge: Dodged            ||    81

Table legend: (Time is in decaauts)
 A = Elapsed time spent in this place.
 B = Non-inter-level travel time spent in this place.
 C = Inter-level travel time spent in this place.
 D = Time resting spent in this place.
 E = Time spent auto-exploring this place.
 F = Levels seen in this place.
 G = Mean time per level.
                   A        B        C        D        E       F      G
               +--------+--------+--------+--------+--------+-----+--------+
         Total |   1005 |   1005 |      0 |     13 |    717 |   2 |  502.5 |
       Dungeon |   1005 |   1005 |      0 |     13 |    717 |   2 |  502.5 |
               +--------+--------+--------+--------+--------+-----+--------+

Top non-repeatable levels by time:
     D:1: 853 daAuts
     D:2: 151 daAuts
